 Dungeon Crawl Stone Soup version 0.22.0-5-gf09313c (webtiles) character file.

5586 Gergoth the Geomancer (level 10, -9/68 HPs)
             Began as a Gargoyle Earth Elementalist on Aug 13, 2018.
             Was a Follower of Vehumet.
             Mangled by a komodo dragon (25 damage)
             ... on level 1 of the Lair of Beasts.
             The game lasted 00:17:31 (7182 turns).

Gergoth the Geomancer (Gargoyle Earth Elementalist) Turns: 7182, Time: 00:17:31

Health: -9/68      AC: 11    Str: 13    XL:     10   Next: 72%
Magic:  11/22      EV: 27    Int: 22    God:    Vehumet [*.....]
Gold:   522        SH:  0    Dex: 10    Spells: 10/25 levels left

rFire    . . .     SeeInvis .   t - +0 quarterstaff
rCold    . . .     Gourm    .   (shield currently unavailable)
rNeg     + . .     Faith    .   c - +0 robe
rPois    ∞         Spirit   .   (no helmet)
rElec    +         Reflect  .   C - +0 cloak {MR+}
rCorr    .         Harm     .   v - +0 pair of gloves
MR       +....                  (no boots)
Stlth    +++.......             p - amulet of the acrobat
HPRegen  0.21/turn              s - +4 ring of intelligence
MPRegen  0.18/turn              u - ring of stealth

@: no status effects
A: negative energy resistance 1, electricity resistance, unbreathing,
petrification resistance, rot immunity, AC +7
a: Renounce Religion


You were on level 1 of the Lair of Beasts.
You worshipped Vehumet.
Vehumet was aware of your devotion.
You were not hungry.

You visited 3 branches of the dungeon, and saw 10 of its levels.

You collected 522 gold pieces.

Inventory:

Hand Weapons
 t - a +0 quarterstaff (weapon)
Missiles
 b - 73 stones (quivered)
 F - a throwing net
Armour
 c - a +0 robe (worn)
 k - a +0 shield
 v - a +0 pair of gloves (worn)
 C - a +0 cloak of magic resistance (worn)
Jewellery
 p - an amulet of the acrobat (around neck)
 s - a +4 ring of intelligence (left hand)
 u - a ring of stealth (right hand)
 A - an uncursed ring of protection from cold {unknown}
Wands
 f - a wand of disintegration (14)
 w - a wand of clouds (7)
 y - a wand of iceblast (6)
 D - a wand of polymorph (10)
Scrolls
 a - 4 scrolls of teleportation
 e - 3 scrolls of noise {unknown}
 h - a scroll of fog
 l - 4 scrolls of amnesia
 q - a scroll of enchant weapon
 B - 3 scrolls of remove curse
 E - a scroll of blinking {unknown}
Potions
 g - 2 potions of curing
 i - 3 potions of mutation {unknown}
 j - 3 potions of heal wounds
 m - a potion of invisibility {unknown}
 n - a potion of flight {unknown}
 o - 2 potions of berserk rage {unknown}
 r - 3 potions of might
 z - a potion of brilliance {unknown}
Comestibles
 d - 15 rations
 x - a chunk of flesh


   Skills:
 - Level 10.0 Fighting
 - Level 1.5 Dodging
 - Level 2.1 Stealth
 - Level 8.0 Spellcasting
 + Level 5.9 Conjurations
 - Level 0.7 Transmutations
 - Level 10.0 Earth Magic


You had 10 spell levels left.
You knew the following spells:

 Your Spells              Type           Power        Failure   Level  Hunger
a - Sandblast             Erth           ######       1%          1    None
b - Passwall              Tmut/Erth      ####....     1%          2    None
c - Stone Arrow           Conj/Erth      #####.       1%          3    None
d - Petrify               Tmut/Erth      ####....     9%          4    ###....
e - Lee's Rapid Deconstr  Erth           ######....   3%          5    #####..

Your spell library contained the following spells:

 Spells                   Type           Power        Failure   Level  Hunger
 Confuse                  Hex            #.......     22%         3    None
 Confusing Touch          Hex            #.....       8%          1    None
 Metabolic Englaciation   Hex/Ice        #.........   90%         5    #####..
 Gell's Gravitas          Tloc           #.........   22%         3    None
 Yara's Violent Unravell  Hex/Tmut       ##........   87%         5    #####..


Dungeon Overview and Level Annotations

Branches:
Dungeon (8/15)             Temple (1/1) D:5            Lair (1/6) D:8

Altars:
Ashenzari
Cheibriados
Dithmenos
Elyvilon
Fedhas
Gozag
Hepliaklqana
Kikubaaqudgha
Makhleb
Nemelex Xobeh
Okawaru
Qazlal
Ru
Sif Muna
Trog
Uskayaw
Vehumet
Wu Jian
Xom
Yredelemnul
Zin


Innate Abilities, Weirdness & Mutations

You are resistant to torment.
Your stone body is resilient. (AC +7)
You are immune to poison.
You resist negative energy. (rN+)
You are resistant to electric shocks. (rElec)
You can survive without breathing.
You are immune to petrification.
You are immune to rotting.


Message History

Aiming: Petrify (safe; 9% risk of failure)
Press: ? - help, Shift-Dir - straight line, f/p - komodo dragon
Aim: a komodo dragon (heavily wounded, chance to defeat MR: 43%)
The komodo dragon resists with some effort.
The komodo dragon completely misses you.
Casting: Petrify (safe; 9% risk of failure)
Confirm with . or Enter, or press ? or * to list all spells.
Aiming: Sandblast (safe; 1% risk of failure)
Press: ? - help, Shift-Dir - straight line, f/p - komodo dragon
Aim: a komodo dragon (moderately wounded)
The blast of sand hits the komodo dragon.
The komodo dragon is heavily wounded.
b - 73 stones The komodo dragon bites you!!
* * * LOW HITPOINT WARNING * * *
Okay, then.
The komodo dragon bites you but does no damage.
The komodo dragon bites you but does no damage.
The komodo dragon bites you!!
You die...

#...# ###...#
##..####.#..## ##...
##..#...#..# #....
##.#........# ##....
#...........# #.....
##..........# #.....
#..........## ##.....
##.........l# #......
###.........[@#
#......
#.............##
#......
##.......#.....####
#####.....
#####.#.###...#..###.#
#.....
#######....##....#
#..... #...........#
##....
##..P........###....#
#
#.......(........P###
#####
##..............####


You could see a komodo dragon.

Vanquished Creatures
  Maurice (D:8)
  A komodo dragon (Lair:1)
  2 hippogriffs
  6 yaks
  Duvessa (D:7)
  A water moccasin (Lair:1)
  2 orc warriors
  3 sky beasts
  5 porcupines (Lair:1)
  A black bear (D:7)
  An ogre (D:4)
  A necrophage (D:6)
  2 centaurs
  A crocodile (Lair:1)
  8 bullfrogs
  Dowan (D:7)
  A water moccasin skeleton (D:8)
  3 scorpions
  A howler monkey (D:6)
  3 crimson imps
  4 jellies
  A centaur skeleton (D:5)
  5 orc priests
  4 hounds
  8 orc wizards
  A bullfrog skeleton (D:6)
  An iguana (D:6)
  8 worker ants
  A worker ant zombie (D:8)
  4 gnolls (D:6)
  12 adders
  2 shadow imps
  An ooze (D:2)
  An adder skeleton (D:4)
  3 worms
  2 dart slugs (D:1)
  4 leopard geckos
  17 orcs
  4 giant cockroaches
  3 goblins
  10 hobgoblins
  7 jackals
  3 quokkas
  2 ball pythons
  14 bats
  2 frilled lizards
  A giant cockroach zombie (D:5)
  A jackal skeleton (D:7)
  8 kobolds
  A leopard gecko skeleton (D:6)
  A quokka skeleton (D:5)
  4 rats
185 creatures vanquished.

Notes
Turn   | Place    | Note
-------+----------+-------------------------------------------
     0 | D:1      | Gergoth the Gargoyle Earth Elementalist began the quest for the Orb.
     0 | D:1      | Reached XP level 1. HP: 10/10 MP: 3/3
   109 | D:1      | Reached XP level 2. HP: 11/16 MP: 0/5
   191 | D:1      | Reached skill level 1 in Fighting
   491 | D:1      | Reached XP level 3. HP: 20/20 MP: 0/6
   666 | D:2      | Reached XP level 4. HP: 17/26 MP: 0/8
  1226 | D:2      | Found a burning altar of Makhleb.
  1234 | D:2      | Reached XP level 5. HP: 31/31 MP: 1/9
  1251 | D:2      | Reached skill level 5 in Earth Magic
  1539 | D:3      | Reached XP level 6. HP: 30/37 MP: 6/11
  2017 | D:4      | Found an iron altar of Okawaru.
  2332 | D:4      | Learned a level 2 spell: Passwall
  2336 | D:4      | Learned a level 3 spell: Stone Arrow
  2341 | D:4      | Learned a level 4 spell: Petrify
  2352 | D:4      | Found a deep blue altar of Sif Muna.
  2352 | D:4      | Found a glowing silver altar of Zin.
  2422 | D:4      | Found an ornate altar of the Wu Jian Council.
  2423 | D:4      | Found a hazy altar of Hepliaklqana.
  2426 | D:4      | Found a blossoming altar of Fedhas.
  2575 | D:5      | Entered Level 5 of the Dungeon
  2599 | D:5      | Noticed a sky beast
  2645 | D:5      | Killed a sky beast
  2645 | D:5      | Reached XP level 7. HP: 42/44 MP: 9/13
  3115 | D:5      | Noticed a hippogriff
  3168 | D:5      | Killed a hippogriff
  3168 | D:5      | Reached skill level 5 in Fighting
  3372 | D:5      | Reached skill level 5 in Spellcasting
  3372 | D:5      | Reached XP level 8. HP: 29/49 MP: 5/15
  3534 | D:5      | Found a staircase to the Ecumenical Temple.
  3540 | Temple   | Entered the Ecumenical Temple
  3672 | D:5      | Found a stormy altar of Qazlal.
  4004 | D:6      | Learned a level 5 spell: Lee's Rapid Deconstruction
  4580 | D:6      | Reached XP level 9. HP: 56/56 MP: 10/18
  4794 | D:6      | Found a radiant altar of Vehumet.
  4833 | D:6      | Became a worshipper of Vehumet
  5387 | D:7      | Noticed Duvessa
  5763 | D:7      | Noticed Dowan
  5776 | D:7      | Killed Duvessa
  5777 | D:7      | Killed Dowan
  5849 | D:8      | Noticed Maurice
  5860 | D:8      | Killed Maurice
  5968 | D:8      | Reached skill level 10 in Earth Magic
  5981 | D:8      | Reached * piety under Vehumet
  5981 | D:8      | Offered knowledge of Shock by Vehumet.
  6008 | D:8      | Found a staircase to the Lair.
  6167 | D:8      | Reached XP level 10. HP: 62/65 MP: 15/21
  6230 | Lair:1   | Entered Level 1 of the Lair of Beasts
  6332 | Lair:1   | Noticed a spiny frog
  6556 | D:8      | Reached skill level 10 in Fighting
  6558 | D:8      | Reached skill level 1 in Conjurations
  7086 | Lair:1   | Reached skill level 5 in Conjurations
  7182 | Lair:1   | Mangled by a komodo dragon

Skill      XL: |  1  2  3  4  5  6  7  8  9 10 |
---------------+-------------------------------+-----
Earth Magic    | 4 5 6 7 8 10 | 10.0
Fighting       | 1 2 3 4 5 6 8 10 | 10.0
Spellcasting   | 3 4 5 6 7 8 |  8.0
Conjurations   | 5 |  5.9
Dodging        | |  1.5
Stealth        | |  2.1
Transmutations | |  0.7

Action                   |  1- 3 |  4- 6 |  7- 9 | 10-12 || total
-------------------------+-------+-------+-------+-------++-------
Melee: Unarmed           |    42 |    20 |       |       ||    62
       Quarterstaff      |       |       |    85 |       ||    85
 Cast: Sandblast         |    41 |    80 |    70 |    31 ||   222
       Stone Arrow       |       |     1 |    84 |    31 ||   116
       Lee's Rapid Decon |       |       |     5 |       ||     5
       Petrify           |       |       |     1 |     1 ||     2
  Use: Scroll            |       |    10 |     5 |       ||    15
 Stab: Sleeping          |       |     1 |     3 |       ||     4
  Eat: Chunk             |       |     5 |    16 |     3 ||    24
Armor: Robe              |    27 |    16 |    60 |     7 ||   110
Dodge: Dodged            |    57 |    40 |   116 |    29 ||   242
